 Dungeon Crawl Stone Soup version 0.20.0-10-g0535bb4 (webtiles) character file.

168591 Gargoyl the Spry (level 17, -3/144 HPs)
             Began as a Grey Draconian Abyssal Knight on June 7, 2017.
             Was a High Priest of Lugonu.
             Slain by a water elemental (17 damage)
             ... summoned by Ilsuiw
             ... on level 4 of the Shoals.
             The game lasted 01:39:42 (50116 turns).

Gargoyl the Spry (Grey Draconian Abyssal Knight)   Turns: 50116, Time: 01:39:42

Health: -3/144     AC: 21    Str: 21    XL:     17   Next: 33%
Magic:  28/28      EV: 25    Int: 11    God:    Lugonu [*****.]
Gold:   1921       SH: 24    Dex: 18    Spells: 16/16 levels left

rFire    . . .     SeeInvis .   C - +3 hand axe (elec)
rCold    . . .     Gourm    .   x - +5 shield
rNeg     . . .     Faith    .   (armour unavailable)
rPois    +         Spirit   .   (helmet restricted)
rElec    .         Reflect  +   F - +2 cloak
rCorr    .         Harm     .   M - +0 pair of gloves
MR       ++...                  V - +2 pair of boots {run}
Stlth    ++........             c - +5 amulet of reflection
Regen    0.4/turn               y - +4 ring of strength
MPRegen  0.3/turn               l - ring "Maracwoqa" {MR+ Dex+3}

@: flying, quick
A: walk through water, unfitting armour, big wings, dopey 1, sense surroundings
2, poison resistance, unbreathing, cold-blooded, AC +14
a: Stop Flying, Depart the Abyss, Bend Space, Banish, Corrupt, Enter the Abyss,
Renounce Religion


You were on level 4 of the Shoals.
You worshipped Lugonu.
Lugonu was extremely pleased with you.
You were full.

You visited 6 branches of the dungeon, and saw 29 of its levels.
You visited the Abyss 1 time.
You also visited: Labyrinth, Sewer and Ice Cave.

You collected 4519 gold pieces.
You spent 2598 gold pieces at shops.

Inventory:

Hand Weapons
 a - a +1 hand axe
 C - a +3 hand axe of electrocution (weapon)
 K - a +1 demon trident of freezing
Missiles
 m - 65 tomahawks
 q - 12 javelins (quivered)
Armour
 x - a +5 shield (worn)
 E - a +0 pair of boots
 F - a +2 cloak (worn)
 M - a +0 pair of gloves (worn)
 V - a +2 pair of boots of running (worn)
Jewellery
 c - a +5 amulet of reflection (around neck)
 j - an uncursed ring of protection from magic
 l - the ring "Maracwoqa" (right hand) {MR+ Dex+3}
   (You bought it in a shop on level 2 of the Orcish Mines)

   [ring of protection from magic]

   It affects your dexterity (+3).
   It affects your resistance to hostile enchantments.
 y - a +4 ring of strength (left hand)
 B - an uncursed amulet of regeneration {unknown}
 D - a +3 ring of strength
 Z - an uncursed ring of resist corrosion
Wands
 u - a wand of lightning (8/15)
 H - a wand of lightning (7/15)
Scrolls
 d - 3 scrolls of teleportation
 g - 2 scrolls of fear
 o - a scroll of fog
 r - 2 scrolls of blinking
 s - 6 scrolls of recharging
 t - 10 scrolls of remove curse
 w - 11 scrolls of identify
 J - 5 scrolls of magic mapping
Potions
 e - 6 potions of lignification
 f - 2 potions of cancellation
 h - 9 potions of curing
 i - 7 potions of flight
 n - 5 potions of agility
 v - a potion of magic
 z - 3 potions of might
 A - 7 potions of brilliance
 I - a potion of ambrosia
 L - 2 potions of resistance
 N - a potion of invisibility
 O - 4 potions of haste
Comestibles
 b - 4 bread rations
 k - 18 royal jellies
 p - 10 meat rations
 G - 24 fruits


   Skills:
 + Level 11.2 Fighting
 + Level 12.4(13.4) Axes
   Level 8.8(11.7) Maces & Flails
 + Level 2.3 Throwing
 * Level 15.7 Dodging
 + Level 14.0 Shields
 * Level 15.0 Invocations


You had 16 spell levels left.
You didn't know any spells.

Dungeon Overview and Level Annotations

Branches:
Dungeon (15/15)            Temple (0/1) D:4            Lair (6/6) D:11
 Shoals (4/4) Lair:2       Spider (1/4) Lair:4        Slime (0/5) Lair:5
    Orc (2/2) D:9             Elf (1/3) Orc:2        Vaults (0/5) D:14
 Depths (0/5) D:15

Altars:
Dithmenos
Elyvilon
Fedhas
Okawaru
Qazlal
Ru
Sif Muna
Vehumet
Yredelemnul
Jiyva

Shops:
D:6 ?   D:13 ?   Orc:2 ?*=?   Shoals:2 (

Annotations:
D:9 Psyche
Lair:1 exclusion: 3 oklob plants
Lair:6 exclusion: 3 oklob plants
Shoals:4 Ilsuiw; Serafim's ghost, adept MiFi
Abyss:1 Gastronok


Innate Abilities, Weirdness & Mutations

You can walk through water.
Your dull iron-grey scales are very hard. (AC +14)
You cannot fit into any form of body armour.
You can survive without breathing.
You are cold-blooded and may be slowed by cold attacks.
Your large and strong wings let you fly indefinitely.
You are dopey. (Int -2)
You passively map the area around you.
Your system is resistant to poisons. (rPois)


Message History

You eat one of the 5 bread rations.
That bread ration really hit the spot!
Something hits you but does no damage. The water elemental hits you!
* * * LOW HITPOINT WARNING * * *
You block the water elemental's attack.
The water elemental completely misses you.
You barely miss the water elemental.
The water elemental is almost destroyed.
You hit the water elemental. You hit something.
You hit the water elemental but do no damage.
Something hits you but does no damage. The water elemental closely misses you.
The water elemental misses you. You block the water elemental's attack.
Unknown command.
Unknown command.
You hit the water elemental but do no damage.
Your tail-slap misses the water elemental.
The water elemental is almost destroyed.
You hit the water elemental but do no damage.
You miss something. You barely miss the water elemental.
The water elemental hits you!
You die...

...≈≈ ≈≈≈≈≈≈≈≈≈≈≈ ≈ ≈≈ ...≈≈ *
≈≈≈≈≈≈≈≈≈≈≈ ≈≈ ≈ ...≈# ≈
#≈≈≈P≈≈≈≈≈≈≈≈ ≈ ≈≈≈ ..≈≈## ≈≈
##≈≈≈≈≈≈≈≈≈≈≈≈ ≈≈≈ ..≈≈≈* ≈ *
*≈≈≈≈PP≈≈≈≈≈≈≈≈ ≈ ≈≈≈≈## ≈ *
#≈≈PP≈≈P≈≈≈≈≈≈≈≈ ≈≈≈≈≈# *
#≈≈≈≈P≈≈≈≈≈≈≈≈≈ ≈ ≈≈≈≈## ≈ ≈
#≈≈≈≈≈≈≈≈≈≈≈≈≈≈ ≈≈ ≈≈≈≈≈##≈
≈###{@E≈≈≈≈≈≈≈≈≈≈≈≈
≈≈≈≈≈≈#######.(EE)≈≈≈≈≈≈≈≈≈≈≈≈ ≈
≈≈≈≈≈≈≈≈≈##≈#)).)≈≈≈≈≈≈≈≈≈≈≈≈
≈#≈≈≈≈≈≈≈≈.......≈≈≈≈≈≈≈≈≈≈≈≈ ≈
##............%.(≈P≈P≈≈≈.≈≈≈≈ ≈
#.#..................≈≈(..≈≈≈
...#.......(......P...≈≈≈≈≈≈≈≈
#.≈##..........P.......≈≈≈≈≈≈≈≈≈≈
.≈###..........≈PP....≈≈≈≈≈≈≈≈≈≈≈


You could see 3 water elementals.

Vanquished Creatures
  A kraken (Shoals:3)
  Kirke (D:15)
  Roxanne (D:14)
  Agnes (D:14)
  A deep elf demonologist (Elf:1)
  2 merfolk javelineers (Shoals:4)
  9 merfolk impalers
  A minotaur (Lab)
  A fire dragon (D:15)
  2 catoblepae
  2 centaur warriors
  An alligator snapping turtle (Shoals:2)
  2 merfolk avatars (Shoals:1)
  6 merfolk aquamancers
  6 two-headed ogres
  3 death knights
  2 dancing weapons (Elf:1)
  A tengu warrior (D:15)
  13 death yaks
  A deep troll shaman (Lair:6)
  Urug (D:14)
  3 orc high priests (Orc:2)
  A deep elf knight (Elf:1)
  A skeletal warrior (D:13)
  An unseen horror (D:15)
  12 sea snakes
  3 deep elf archers (Elf:1)
  18 harpies
  5 orc knights
  13 deep elf magi
  Pikel (D:7)
  3 cyclopes
  7 fauns
  A phantasmal warrior (D:13)
  A wolf spider (D:15)
  4 orc sorcerers
  An oklob plant (Lair:6)
  18 manticores
  11 merfolk sirens
  Maurice (D:8)
  4 elephants (Lair:6)
  2 centaur zombies
  7 black mambas
  13 spiny frogs
  5 water nymphs
  2 gargoyles
  A yaktaur (D:15)
  3 kobold demonologists (D:11)
  7 rime drakes
  2 tengu conjurers (D:15)
  A demonic crawler (Spider:1)
  13 komodo dragons
  34 merfolk
  7 trolls
  A hornet (shapeshifter) (Elf:1)
  2 polar bears (Lair:6)
  8 wind drakes
  14 slime creatures
  A harpy skeleton (D:15)
  18 hippogriffs
  5 snapping turtles
  15 blink frogs
  11 dream sheep
  A centaur simulacrum (D:14)
  2 redbacks (Lab)
  3 shadows
  An air elemental (Elf:1)
  A vampire (D:15)
  5 wraiths
  36 yaks
  4 wyverns
  5 basilisks
  17 water elementals
  6 hogs (D:15)
  16 humans (D:14)
  A steam dragon (D:7)
  2 hungry ghosts
  3 vampire mosquitoes (D:14)
  5 wargs
  11 water moccasins
  3 soldier ants
  12 porcupines
  16 orc warriors
  4 ice beasts
  4 sky beasts
  3 eyes of draining
  A slave (D:7)
  2 phantoms
  A necrophage (D:9)
  9 ogres
  7 wolves (Lair:6)
  6 centaurs
  7 big kobolds
  18 crocodiles
  14 bullfrogs
  A gnoll sergeant (D:5)
  2 wyvern zombies
  2 scorpions
  A water moccasin skeleton (D:7)
  10 killer bees
  7 wights
  4 vampire bats (Lair:4)
  5 crimson imps
  5 howler monkeys
  2 quasits
  7 jellies
  A bullfrog zombie (D:12)
  4 centaur skeletons
  3 hounds
  15 orc priests
  2 hell rats (Lair:1)
  3 iguanas
  26 orc wizards
  16 worker ants
  3 polar bear simulacra (IceCv)
  A wolf simulacrum (IceCv)
  A hound zombie (D:5)
  A worker ant zombie (D:10)
  5 gnolls (D:5)
  19 adders
  15 river rats
  4 shadow imps
  6 oozes
  An adder zombie (D:8)
  3 worms
  3 dart slugs
  4 leopard geckos
  82 orcs
  7 giant cockroaches
  9 goblins
  7 hobgoblins
  18 jackals
  6 quokkas
  5 ball pythons
  14 bats
  6 frilled lizards
  27 kobolds
  A leopard gecko skeleton (D:5)
  A quokka skeleton (D:6)
  30 rats
  5 fungi
  8 plants
  2 tentacles (Shoals:3)
975 creatures vanquished.

Vanquished Creatures (others)
  Nessos (D:14)
  The ghost of Mulkerokala the Summoner, a journeyman DESu of Vehumet (Lair:6)
  An ice dragon (D:15)
  7 hydras
  A catoblepas (Lair:6)
  The ghost of ldierk the Cleaver, a novice MiBe of Trog (D:10)
  2 satyrs (Shoals:3)
  The ghost of Naow the Cleaver, a novice FoFi of Okawaru (D:8)
  4 unseen horrors
  2 deep elf archers (Elf:1)
  A lindwurm (Lair:6)
  An orc sorcerer (Elf:1)
  A deep elf mage (Elf:1)
  3 fauns
  A manticore (Shoals:1)
  An ugly thing (D:11)
  A gargoyle (D:10)
  A merfolk (Shoals:1)
  A vampire (D:11)
  A human (D:14)
  A basilisk (Lair:5)
  A hungry ghost (D:7)
  An acid dragon (D:9)
  4 centaurs
  2 jellies (D:8)
  A jackal (D:10)
  14 fungi
  71 plants
  15 tentacles (Shoals:3)
143 creatures vanquished.

Grand Total: 1118 creatures vanquished

Notes
Turn   | Place    | Note
-------+----------+-------------------------------------------
     0 | Abyss:1  | Gargoyl the Draconian Abyssal Knight began the quest for the Orb.
     0 | Abyss:1  | Reached XP level 1. HP: 19/19 MP: 2/2
    24 | Abyss:1  | Noticed a water elemental
    25 | D:1      | Escaped the Abyss
   212 | D:1      | Reached * piety under Lugonu
   353 | D:1      | Reached XP level 2. HP: 26/26 MP: 3/3
   996 | D:1      | Reached XP level 3. HP: 33/33 MP: 4/4
  1420 | D:2      | Reached ** piety under Lugonu
  1736 | D:2      | Reached skill level 1 in Maces & Flails
  1760 | D:2      | Reached XP level 4. HP: 32/40 MP: 5/5
  2251 | D:3      | Found a blossoming altar of Fedhas.
  2447 | D:3      | Noticed an ice beast
  2464 | D:3      | Killed an ice beast
  2464 | D:3      | Reached XP level 5. HP: 35/47 MP: 5/7
  3070 | D:4      | Found a staircase to the Ecumenical Temple.
  3349 | D:4      | Reached XP level 6. HP: 45/53 MP: 8/8
  3883 | D:4      | Reached *** piety under Lugonu
  4060 | D:5      | Entered Level 5 of the Dungeon
  4141 | D:5      | Your scales start taking on a dull iron-grey colour.
  4141 | D:5      | Reached XP level 7. HP: 38/60 MP: 9/9
  4141 | D:5      | Gained mutation: You can survive without breathing. [Grey Draconian growth]
  4520 | D:5      | Reached skill level 5 in Fighting
  4711 | D:5      | Gained mutation: You are clumsy. (Dex -2) [potion of mutation]
  4711 | D:5      | Gained mutation: You passively map a small area around you. [potion of mutation]
  4722 | D:5      | Reached skill level 5 in Dodging
  5268 | D:5      | Reached skill level 1 in Shields
  5582 | D:6      | Found Ocutyune's Magic Scroll Boutique.
  5590 | D:6      | Bought a scroll of teleportation for 33 gold pieces
  5644 | D:6      | Found a glowing drain.
  5648 | Sewer    | Entered a sewer
  5674 | Sewer    | Reached **** piety under Lugonu
  5698 | Sewer    | Reached XP level 8. HP: 64/68 MP: 11/11
  6596 | D:6      | Gained mutation: You passively map the area around you. [mutagenic meat]
  6597 | D:6      | Gained mutation: You have a pair of small horns on your head. [mutagenic meat]
  6598 | D:6      | Gained mutation: Your large and strong wings let you fly indefinitely. [mutagenic meat]
  6599 | D:6      | Gained mutation: You are dopey. (Int -2) [mutagenic meat]
  6770 | D:6      | Reached skill level 5 in Invocations
  6775 | D:6      | Reached ***** piety under Lugonu
  7407 | D:7      | Reached skill level 5 in Maces & Flails
  7407 | D:7      | Reached XP level 9. HP: 43/75 MP: 13/13
  8018 | D:7      | Found a stormy altar of Qazlal.
  8035 | D:7      | Found a deep blue altar of Sif Muna.
  8630 | D:7      | Found a shadowy altar of Dithmenos.
  8827 | D:7      | Noticed Pikel
  8850 | D:7      | Killed Pikel
  9101 | D:8      | Noticed Naow's ghost (novice FoFi)
  9124 | D:8      | Reached skill level 5 in Shields
  9346 | D:8      | Gained mutation: Your muscles are strong. (Str +2) [mutagenic meat]
  9674 | D:8      | Noticed Maurice
  9713 | D:8      | Killed Maurice
  9713 | D:8      | Reached XP level 10. HP: 57/83 MP: 15/15
  9975 | D:8      | Banished Naow's ghost
 10374 | D:9      | Noticed Gastronok
 10375 | D:9      | Banished Gastronok
 10776 | D:9      | Found a staircase to the Orcish Mines.
 11450 | D:9      | Reached skill level 1 in Throwing
 11982 | D:9      | Noticed Psyche
 12022 | D:9      | Noticed a two-headed ogre
 12076 | D:9      | Killed a two-headed ogre
 12076 | D:9      | Reached XP level 11. HP: 55/91 MP: 17/17
 12304 | D:9      | Found an iron altar of Okawaru.
 12452 | D:9      | Noticed a two-headed ogre
 12468 | D:9      | Killed a two-headed ogre
 12762 | D:10     | Entered Level 10 of the Dungeon
 13016 | D:10     | Noticed ldierk's ghost (novice MiBe)
 13017 | D:10     | Banished ldierk's ghost
 13073 | D:10     | Noticed a two-headed ogre
 13086 | D:10     | Killed a two-headed ogre
 13700 | D:10     | Reached skill level 10 in Dodging
 13882 | D:11     | Gained mutation: You tend to lose your temper in combat. [a neqoxec]
 14175 | D:11     | Noticed a four-headed hydra
 14179 | D:11     | Noticed a death yak
 14181 | D:11     | Noticed a death yak
 14181 | D:11     | Noticed a death yak
 14534 | D:10     | Killed a death yak
 14746 | D:10     | Killed a death yak
 15062 | D:10     | Banished a four-headed hydra
 15378 | D:11     | Reached skill level 10 in Invocations
 15384 | D:11     | Noticed a green ugly thing
 15396 | D:11     | Banished a green ugly thing
 15678 | D:11     | Noticed a sixfirhy
 15683 | D:11     | Reached XP level 12. HP: 52/100 MP: 19/19
 15837 | D:11     | Found a staircase to the Lair.
 16245 | D:11     | Noticed a centaur warrior
 16271 | D:11     | Killed a centaur warrior
 16508 | Lair:1   | Entered Level 1 of the Lair of Beasts
 17493 | Lair:1   | Lost mutation: Your muscles are strong. (Str +2) [potion of mutation]
 17493 | Lair:1   | Lost mutation: You have a pair of small horns on your head. [potion of mutation]
 17493 | Lair:1   | Lost mutation: You are clumsy. (Dex -2) [potion of mutation]
 17493 | Lair:1   | Lost mutation: You tend to lose your temper in combat. [potion of mutation]
 17493 | Lair:1   | Gained mutation: Your system is resistant to poisons. (rPois) [potion of mutation]
 18334 | Lair:2   | Noticed a four-headed hydra
 18335 | Lair:2   | Banished a four-headed hydra
 18372 | Lair:2   | Found a staircase to the Shoals.
 18907 | Lair:2   | Reached skill level 5 in Axes
 20001 | Lair:4   | Reached XP level 13. HP: 79/107 MP: 21/21
 20357 | Lair:4   | Found a hole to the Spider Nest.
 21589 | Lair:5   | Found a staircase to the Slime Pits.
 21621 | Lair:5   | Found a viscous altar of Jiyva.
 22741 | Lair:6   | Entered Level 6 of the Lair of Beasts
 22890 | Lair:6   | Identified a +0 pair of boots of running (You found it on level 6 of the Lair of Beasts)
 22896 | Lair:6   | Found a frozen archway.
 22953 | IceCv    | Entered an ice cave
 23352 | Lair:6   | Noticed Mulkerokala's ghost (journeyman DESu)
 23360 | Lair:6   | Banished Mulkerokala's ghost
 23367 | Lair:6   | Reached skill level 10 in Shields
 24367 | Lair:6   | Reached XP level 14. HP: 74/116 MP: 23/23
 26701 | Orc:1    | Entered Level 1 of the Orcish Mines
 27420 | Orc:2    | Entered Level 2 of the Orcish Mines
 27492 | Orc:2    | Found a labyrinth entrance.
 27520 | Lab      | Entered a labyrinth
 28230 | Orc:2    | Found a staircase to the Elven Halls.
 28342 | Orc:2    | Found Boitwut's Magic Scroll Shoppe.
 28373 | Elf:1    | Entered Level 1 of the Elven Halls
 28528 | Elf:1    | Paralysed by an orc sorcerer for 6 turns
 28661 | Elf:1    | Paralysed by an orc sorcerer for 3 turns
 30101 | Orc:2    | Found Vanipe's Jewellery Shoppe.
 30307 | Orc:2    | Found Joinger's Magic Scroll Boutique.
 30309 | Orc:2    | Found Neunefo's Assorted Antiques.
 30318 | Orc:2    | Bought a +5 amulet of reflection for 494 gold pieces
 30321 | Orc:2    | Bought the ring "Maracwoqa" {MR+ Dex+3} for 459 gold pieces
 30352 | Orc:2    | Bought a scroll of acquirement for 936 gold pieces
 30367 | Orc:2    | Bought a +4 ring of strength for 324 gold pieces
 32203 | D:13     | Found Xitos's Magic Scroll Shop.
 32214 | D:13     | Bought a scroll of teleportation for 39 gold pieces
 32214 | D:13     | Bought a scroll of enchant armour for 97 gold pieces
 32369 | D:13     | Found a sacrificial altar of Ru.
 32463 | D:13     | Reached XP level 15. HP: 116/125 MP: 24/24
 32473 | D:13     | Reached skill level 10 in Axes
 33077 | D:14     | Found a white marble altar of Elyvilon.
 33135 | D:14     | Noticed Roxanne
 33161 | D:15     | Entered Level 15 of the Dungeon
 33670 | D:14     | Killed Roxanne
 34062 | D:14     | Noticed Kirke
 34109 | D:15     | Killed Kirke
 34322 | D:14     | Noticed Agnes
 34349 | D:14     | Killed Agnes
 34590 | D:14     | Found a gate to the Vaults.
 34590 | D:14     | Noticed Nessos
 34762 | D:14     | Noticed Urug
 34776 | D:14     | Killed Urug
 34833 | D:14     | Killed Nessos
 35865 | D:15     | Found a staircase to the Depths.
 36025 | D:15     | Reached skill level 10 in Fighting
 36129 | D:15     | Found a basalt altar of Yredelemnul.
 36989 | D:15     | Reached ****** piety under Lugonu
 37397 | Spider:1 | Entered Level 1 of the Spider Nest
 37699 | Elf:1    | Found a radiant altar of Vehumet.
 38898 | Elf:1    | Noticed a Hell Sentinel
 38898 | Elf:1    | Reached XP level 16. HP: 134/134 MP: 26/26
 39697 | Shoals:1 | Entered Level 1 of the Shoals
 40203 | Shoals:1 | HP: 5/135 [wind drake/the air (9)]
 43231 | Shoals:2 | Found Bon Isach's Antique Weapon Emporium.
 43356 | Shoals:2 | Bought a steaming hand axe for 216 gold pieces
 43356 | Shoals:2 | Identified the cursed +2 hand axe of Infinity {chop, Int+4 Stlth+} (You bought it in a shop on level 2 of the Shoals)
 44355 | Shoals:3 | Found Luatas's General Store.
 44367 | Shoals:3 | Reached skill level 15 in Dodging
 46185 | Shoals:3 | Noticed a kraken
 46723 | Shoals:3 | Killed a kraken
 47092 | Shoals:3 | Reached XP level 17. HP: 82/143 MP: 28/28
 47492 | Shoals:4 | Entered Level 4 of the Shoals
 47641 | Shoals:4 | Noticed Ilsuiw
 49311 | Shoals:4 | Reached skill level 15 in Invocations
 49558 | Shoals:4 | Noticed Serafim's ghost (adept MiFi)
 50116 | Shoals:4 | Slain by a water elemental

Skill      XL: |  1  2  3  4  5  6  7  8  9 10 11 12 13 14 15 16 17 |
---------------+----------------------------------------------------+-----
Fighting       | 4 5 6 7 8 9 10 11 | 11.2
Maces & Flails | 1 2 3 4 5 6 7 8 |  8.8
Dodging        | 3 4 5 6 8 9 10 11 12 13 14 15 | 15.7
Invocations    | 3 4 5 6 8 10 12 13 14 15 | 15.0
Shields        | 1 3 5 6 7 9 10 11 12 13 14 | 14.0
Throwing       | 1 2 |  2.3
Axes           | 5 7 9 11 12 | 12.4

Action                   |  1- 3 |  4- 6 |  7- 9 | 10-12 | 13-15 | 16-18 || total
-------------------------+-------+-------+-------+-------+-------+-------++-------
Melee: Whip              |    99 |   183 |   672 |   684 |       |       ||  1638
       Tailslap          |    11 |    27 |    70 |   155 |   354 |   254 ||   871
       Headbutt          |       |       |    54 |   164 |       |       ||   218
       Hand axe          |       |       |    10 |   274 |  1878 |  1154 ||  3316
Throw: Javelin           |       |     6 |     2 |    37 |     5 |    24 ||    74
       Tomahawk          |       |     1 |       |     2 |       |       ||     3
Invok: Depart the Abyss  |     1 |       |       |       |       |       ||     1
       Banish            |       |       |     3 |    11 |    28 |     9 ||    51
       Bend Space        |       |       |       |     2 |       |     1 ||     3
 Abil: Fly               |       |       |     1 |       |       |       ||     1
  Use: Scroll            |     5 |     6 |     9 |    15 |    17 |    18 ||    70
       Potion            |       |       |     5 |     5 |     6 |     6 ||    22
 Stab: Sleeping          |       |     3 |     1 |       |       |       ||     4
  Eat: Chunk             |     3 |     7 |    26 |    27 |    59 |    24 ||   146
       Fruit             |       |       |     1 |       |       |       ||     1
       Bread ration      |       |       |       |     2 |     3 |     3 ||     8
       Royal jelly       |       |       |       |       |       |     2 ||     2
Armor: Skin              |    39 |    43 |   245 |   195 |   314 |   198 ||  1034
Dodge: Dodged            |    85 |   141 |   366 |   435 |   828 |   594 ||  2449
Block: Shield            |       |    14 |   349 |   561 |  1588 |  1292 ||  3804
       Reflection        |       |       |       |       |    54 |    70 ||   124
